AoeStats
← BSHammer

Pilgrims

507655513Analyzed
4v4 RM · 14d ago on Sep 19, 2026· 30m 26s· 8 players
Game mode
Random Map
Map size
Large (8 player)
Population
200
Speed
Normal
Resources
Standard
Victory
Conquest
Starting age
Dark Age
Ending age
Imperial Age
RankedLock teamsTeams togetherTeam positionsShared explorationLock speedFull tech treeHidden civsTurbo modeCheats
Victory
Defeat
🇺🇸 Armenians · United States
1653
+12
🇺🇸 Burgundians · United States
1632
+13
🇺🇸 Vietnamese · United States
1569
+16
🇺🇸 Wei · United States
1539
+17
🇷🇴 Wu · Romania
1619
-17
🇻🇳 Italians · Vietnam
1571
-15
🇳🇿 Armenians · New Zealand
1565
-14
🇲🇽 Lithuanians · Mexico
1509
-12
hungdonkey
6:40 Loom
14:26 Feudal Age
14:30 Man-at-Arms
15:29 Fishing Lines
15:16 Long Swordsman
16:27 Scale Mail Armor
18:27 Double-Bit Axe
18:48 Arson
23:37 Castle Age
22:55 Forging
23:01 Gold Mining
25:03 Chain Mail Armor
29:43 Gillnets
Kirtap
8:19 Loom
10:35 Feudal Age
11:15 Double-Bit Axe
11:33 Town Watch
17:31 Castle Age
15:56 Fletching
15:50 Fishing Lines
16:52 Fletching
18:03 Scale Mail Armor
18:25 Medium Warships
18:08 Gillnets
18:20 Bodkin Arrow
20:28 Bow Saw
21:10 Wheelbarrow
21:05 Chain Mail Armor
24:50 Forging
25:39 Stone Mining
26:17 Siphons
28:58 Murder Holes
Bis
6:33 Loom
13:08 Feudal Age
14:20 Double-Bit Axe
18:22 Castle Age
17:02 Fishing Lines
22:26 Imperial Age
23:22 Medium Warships
24:15 Chemistry
24:12 Clinker Construction
24:24 Bow Saw
24:09 Gold Mining
25:31 Heavy Warships
25:49 Wheelbarrow
25:25 Siphons
25:32 Careening
26:48 Hand Cart
27:35 Horse Collar
28:08 Gillnets
_BeTo_
6:06 Loom
10:44 Feudal Age
11:13 Double-Bit Axe
11:57 Town Watch
13:12 Fletching
19:02 Castle Age
18:32 Padded Archer Armor
19:59 Medium Warships
19:47 Bodkin Arrow
21:23 Gold Mining
koriko9397
3:33 Loom
10:00 Feudal Age
10:07 Man-at-Arms
14:31 Fletching
19:31 Castle Age
23:24 Horse Collar
23:41 Bodkin Arrow
24:29 Guard Tower
26:38 Ballistics
Harristotle
11:27 Feudal Age
15:42 Castle Age
14:02 Horse Collar
14:20 Double-Bit Axe
14:46 Fletching
14:58 Gold Mining
15:46 Padded Archer Armor
16:21 Bodkin Arrow
20:19 Wheelbarrow
23:48 Hand Cart
23:19 Loom
23:20 Town Watch
23:53 Leather Archer Armor
26:03 Bow Saw
30:43 Ballistics
30:34 Masonry
Lucas Ducas
0:35 Double-Bit Axe
1:26 Fishing Lines
4:55 Loom
10:59 Feudal Age
11:33 Wheelbarrow
11:47 Gillnets
12:31 Town Watch
16:16 Castle Age
15:34 Bow Saw
19:02 Two-Man Saw
19:46 Horse Collar
20:50 Hand Cart
21:35 Heavy Plow
23:00 Scale Mail Armor
23:11 Forging
23:38 Squires
24:16 Chain Mail Armor
29:37 Imperial Age
27:33 Gold Mining
28:58 Iron Casting
29:34 Gold Shaft Mining
28:50 Stone Mining
31:04 Plate Mail Armor
31:34 Blast Furnace
BSHammer
7:23 Loom
10:59 Feudal Age
15:00 Wheelbarrow
15:11 Fishing Lines
20:55 Castle Age
21:51 Medium Warships
25:29 Double-Bit Axe
27:49 Fletching
28:41 Bodkin Arrow
30:43 Ballistics
Connection lost

Rejoining the realm…

Still unreachable

The connection could not be restored.

Session expired

The server has moved on; the page needs a fresh start.